 Dungeon Crawl Stone Soup version 0.21-a0-216-g6d3fd91 (webtiles) character file.

47 tehllama the Insei (level 3, 0/23 HPs)
             Began as an Octopode Transmuter on Aug 23, 2017.
             Slain by an adder (3 damage)
             ... on level 2 of the Dungeon.
             The game lasted 00:01:33 (1290 turns).

tehllama the Insei (Octopode Transmuter)            Turns: 1290, Time: 00:01:34

Health: 0/23       AC:  1    Str: 10    XL:     3   Next: 70%
Magic:  5/6        EV: 13    Int: 15    God:
Gold:   26         SH:  0    Dex: 12    Spells: 0/6 levels left

rFire    . . .     SeeInvis .     - Unarmed
rCold    . . .     Gourm    .   (no shield)
rNeg     . . .     Faith    .   (helmet restricted)
rPois    .         Spirit   .   (no amulet)
rElec    .         Reflect  .   (no ring)
rCorr    .         Harm     .   k - ring of protection from magic
MR       +....                  (no ring)
Stlth    +++.......             (no ring)
HPRegen  0.07/turn              (no ring)
MPRegen  0.10/turn              (no ring)
                                (no ring)
                                (no ring)

@: lethally poisoned (0 -> -4), appendage
A: almost no armour, stealthy swim, amphibious, 8 rings, constrict 8, tentacle
spike 3, camouflage 1, gelatinous body 1
a: End Transformation


You were on level 2 of the Dungeon.
You were not hungry.
One of your tentacles had a temporary spike.
You visited 1 branch of the dungeon, and saw 2 of its levels.

You collected 26 gold pieces.

Inventory:

Missiles
 a - 12 arrows
Jewellery
 j - an uncursed ring of ice
 k - a ring of protection from magic (right tentacle)
Scrolls
 i - a scroll of identify {unknown}
 n - a scroll of magic mapping {unknown}
Potions
 d - a potion of lignification {unknown}
 e - 2 potions of brilliance {unknown}
 f - a potion of degeneration {unknown}
 h - a potion of curing {unknown}
 m - a potion of might {unknown}
Books
 b - a book of Changes

   Spells                             Type                      Level
   a - Beastly Appendage              Transmutation                1
   b - Sticks to Snakes               Transmutation                2
   c - Spider Form                    Transmutation/Poison         3
   d - Ice Form                       Ice/Transmutation            4
   e - Blade Hands                    Transmutation                5
Comestibles
 c - 2 bread rations
 g - 9 chunks of flesh
 l - a meat ration


   Skills:
 - Level 1.0 Fighting
 - Level 2.0 Dodging
 + Level 1.3 Stealth
 + Level 4.4 Unarmed Combat
 - Level 2.0 Spellcasting
 - Level 2.0 Transmutations


You couldn't memorise any spells.
You knew the following spells:

 Your Spells              Type           Power        Failure   Level  Hunger
a - Beastly Appendage     Tmut           #.....       10%         1    #......
b - Sticks to Snakes      Tmut           #.......     14%         2    ###....
c - Spider Form           Tmut/Pois      #.........   41%         3    ###....


Dungeon Overview and Level Annotations

Branches:
Dungeon (2/15)

Altars:


Innate Abilities, Weirdness & Mutations

You cannot wear most types of armour.
You are very stealthy in the water. (Stealth+)
You are amphibious.
You can wear up to eight rings at the same time.
You can use your tentacles to constrict eight enemies at once.
Your skin changes colour to match your surroundings (Stealth+).
Your rubbery body absorbs attacks. (AC +1, EV +1)
One of your tentacles bears a large vicious spike.


Message History

One of your tentacles grows a vicious spike.
The jackal bites you.
You barely miss the jackal. You grab the jackal.
You pierce the jackal.
You kill the jackal!
The adder closely misses you.
You completely miss the adder. Your grab misses the adder. The adder bites you.
* * * LOW HITPOINT WARNING * * *
You tentacle-slap the adder but do no damage.
Your grab misses the adder.
You pierce the adder.
Your squeeze misses the adder.
The adder is heavily wounded.
The adder bites you.
* * * LOW HITPOINT WARNING * * *
You are lethally poisoned!
The adder poisons you!
You closely miss the adder. Your grab misses the adder.
The adder is heavily wounded.
* * * LOW HITPOINT WARNING * * *
You feel sick. The adder bites you.
You die...

#...# #.####.#
#.#.####....#.###
####.#.........#....
#.......###########.
######.## #[...###.
#.#####.##.....
#####..............
#....>.............
##@######......##.#
####S## #.......#.#
#...r.# #.........#
#..[.†...........####
#........###'#####
#.%....#.# #.#
#......#.# #.
#......# . #......# .


You could see an adder and a rat.

Vanquished Creatures
  An ooze (D:2)
  A worm (D:2)
  3 dart slugs
  5 bats
  A giant cockroach (D:1)
  3 goblins (D:1)
  7 hobgoblins
  5 jackals
  A frilled lizard (D:1)
  2 kobolds (D:1)
  2 rats (D:2)
31 creatures vanquished.

Notes
Turn   | Place    | Note
-------+----------+-------------------------------------------
     0 | D:1      | tehllama the Octopode Transmuter began the quest for the Orb.
     0 | D:1      | Reached XP level 1. HP: 13/13 MP: 3/3
    41 | D:1      | Reached XP level 2. HP: 16/18 MP: 5/5
   456 | D:1      | Reached skill level 4 in Unarmed Combat
   697 | D:1      | Reached XP level 3. HP: 23/23 MP: 6/6
  1085 | D:2      | Learned a level 2 spell: Sticks to Snakes
  1089 | D:2      | Learned a level 3 spell: Spider Form
  1231 | D:2      | Reached skill level 1 in Stealth
  1290 | D:2      | Slain by an adder

Vault maps used:
D:1:      giann_horns
D:2:      first_bread, trog_butcher_becter

Skill      XL: |  1  2  3 |
---------------+----------+-----
Unarmed Combat | 4 |  4.4
Stealth        | 1 |  1.3
Fighting       | |  1.0
Dodging        | |  2.0
Spellcasting   | |  2.0
Transmutations | |  2.0

Action                   || total
-------------------------++-------
Melee: Unarmed           ||    82
       Constrict         ||    17
       Tentacles         ||     8
       Kick              ||     4
       Punch             ||     2
 Cast: Beastly Appendage ||     2
 Stab: Sleeping          ||     6
  Eat: Chunk             ||     1
Armor: Skin              ||    11
Dodge: Dodged            ||    47

Table legend:
 A = Spawn XP
 B = Non-spawn XP
 C = Spawn XP percentage of total XP
 D = Spawn monster count
 E = Non-spawn monster count
 F = Spawn count percentage of total count
 G = Total turns spent on level
                    A         B        C        D         E        F      G
               +---------+---------+-------+---------+---------+-------+---------
         Total |       3 |      65 |   4.4 |       2 |      29 |   6.5 |  1290
               +---------+---------+-------+---------+---------+-------+---------
           D:1 |       3 |      33 |   8.3 |       2 |      17 |  10.5 |   782
           D:2 |       0 |      32 |   0.0 |       0 |      12 |   0.0 |   508
               +---------+---------+-------+---------+---------+-------+---------
